 Dungeon Crawl Stone Soup version 0.29.0-13-gc9e81de378 (webtiles) character file.

Game seed: 9338952087191474099

373 freelancePsychic the Shooter (level 7, -1/60 HPs)
             Began as a Meteoran Hunter on Sept 10, 2022.
             Slain by Duvessa
             ... wielding a +0 short sword
              (13 damage)
             ... on level 4 of the Dungeon.
             The game lasted 00:06:40 (1050 turns).

freelancePsychic the Shooter (Meteoran Hunter)      Turns: 1050, Time: 00:06:41

Health: -1/60      AC:  3    Str: 13    XL:     7   Next: 23%
Magic:  8/8        EV: 12    Int: 10    God:
Gold:   98         SH:  0    Dex: 20    Spells: 6/6 levels left

rFire   . . .      SeeInvis .   a - +0 shortbow
rCold   . . .      Faith    .   (shield currently unavailable)
rNeg    . . .      Spirit   .   c - +0 leather armour
rPois   .          Reflect  .   (no helmet)
rElec   .          Harm     .   (no cloak)
rCorr   .          Rampage  .   (no gloves)
Will    .....                   (no boots)
Stlth   +.........              (no amulet)
HPRegen 0.20/turn               (no ring)
MPRegen 0.11/turn               (no ring)

@: glowing
A: sense surroundings 1, otherworldly, glowing, explore regen
a: no special abilities


You were on level 4 of the Dungeon.
You visited 1 branch of the dungeon, and saw 4 of its levels.
You also visited: Ossuary.

You collected 98 gold pieces.

Inventory:

Hand Weapons
 a - a +0 shortbow (weapon)
Armour
 c - a +0 leather armour (worn)
 d - a +0 pair of gloves
Jewellery
 e - an amulet of faith
Scrolls
 l - a scroll of teleportation {@r4}
Potions
 f - 4 potions of curing {@q1}
 g - a potion of berserk rage
 h - a potion of invisibility {unknown}
 i - a potion of flight
 k - a potion of might {unknown}
 m - a potion of lignification {unknown}
 n - a potion of haste {unknown}
 o - a potion of degeneration {unknown}
 p - a potion of brilliance {unknown}


   Skills:
 + Level 4.6 Fighting
 * Level 7.4 Ranged Weapons
 - Level 2.4 Dodging
 - Level 0.6 Stealth


You had 6 spell levels left.
You didn't know any spells.
Your spell library was empty.

Dungeon Overview and Level Annotations

Branches:
Dungeon (4/15) Zot: 1599  Ossuary (visited)
 Temple: D:4-7

Altars:

Shops:
D:3 =

Annotations:
D:4 Duvessa


Innate Abilities, Weirdness & Mutations

You passively map a small area around you.
You are easily found by Zot.
You glow in the dark.
You regain HP and MP as you explore.


Message History

Duvessa screams in rage.
Duvessa goes berserk!
Dowan explodes!
Duvessa hits you with a +0 short sword!
Fire: a) +0 shortbow
Press: ? - help, Shift-Dir - straight line, f/p - Duvessa
Aim: Duvessa, wielding a +0 short sword and wearing a +0 scale mail (berserk, inner flame, 73% to hit)
You shoot an arrow. The arrow hits Duvessa!
Flame seeps out of Duvessa.
Duvessa is lightly wounded.
Duvessa is engulfed in blazing flames.
Flame seeps out of Duvessa.
Duvessa closely misses you.
Fire: a) +0 shortbow
Press: ? - help, Shift-Dir - straight line, f/p - Duvessa
Aim: Duvessa, wielding a +0 short sword and wearing a +0 scale mail (flame, moderately wounded, berserk, inner flame, 73% to hit)
You shoot an arrow. The arrow hits Duvessa.
Flame seeps out of Duvessa.
Duvessa is moderately wounded.
You float gracefully downwards.
Duvessa is engulfed in blazing flames.
Flame seeps out of Duvessa.
Duvessa closely misses you.
Duvessa is engulfed in blazing flames.
Flame seeps out of Duvessa.
Duvessa hits you with a +0 short sword!
Duvessa is engulfed in blazing flames.
Flame seeps out of Duvessa.
Duvessa hits you with a +0 short sword.
Fire: a) +0 shortbow
Press: ? - help, Shift-Dir - straight line, f/p - Duvessa
Aim: Duvessa, wielding a +0 short sword and wearing a +0 scale mail (severely wounded, berserk, inner flame, 73% to hit)
You shoot an arrow.
The arrow hits Duvessa but does no damage.
Duvessa is severely wounded.
Duvessa closely misses you. Duvessa hits you with a +0 short sword.
Fire: a) +0 shortbow
Press: ? - help, Shift-Dir - straight line, f/p - Duvessa
Aim: Duvessa, wielding a +0 short sword and wearing a +0 scale mail (severely wounded, berserk, inner flame, 73% to hit)
You shoot an arrow.
The arrow hits Duvessa but does no damage.
Duvessa is severely wounded.
Duvessa hits you with a +0 short sword!
* * * LOW HITPOINT WARNING * * *
Duvessa hits you with a +0 short sword!
You die...

##########
##.....)☼..
##@e##..#..#*
#..## ##
#.##* * *
########.# **
, * *
........# **
8 * *
*###..##.##8
, * #......#
* ,* ,
#..##..#* * ,
*
####..###..#*
,~ ,** *


You could see Duvessa (berserk, inner flame).

Vanquished Creatures
  A wraith (Ossuary)
  A scorpion (D:4)
  Dowan (D:4)
  A jelly (D:4)
  3 mummies (Ossuary)
  2 adders
  A worm (D:4)
  An orc (D:4)
  2 bats
  5 endoplasms
  5 giant cockroaches
  A goblin (D:3)
  2 hobgoblins
  A jackal (D:4)
  A ball python (D:1)
  2 gnoll zombies (Ossuary)
  3 goblin zombies (Ossuary)
  3 hobgoblin zombies (Ossuary)
  3 kobolds
  5 kobold zombies (Ossuary)
44 creatures vanquished.

Notes
Turn   | Place    | Note
-------+----------+-------------------------------------------
     0 | D:1      | freelancePsychic the Meteoran Hunter began the quest for
                  | the Orb.
     0 | D:1      | Reached XP level 1. HP: 17/17 MP: 2/2
    72 | D:1      | Reached XP level 2. HP: 25/25 MP: 3/3
    78 | D:2      | Found a faded altar of an unknown god.
   188 | D:3      | Reached XP level 3. HP: 29/30 MP: 4/4
   190 | D:3      | Reached skill level 5 in Ranged Weapons
   213 | D:3      | Found Oruoh's Jewellery Shop.
   516 | D:4      | Noticed Duvessa
   516 | D:4      | Noticed Dowan
   541 | D:4      | Noticed a scorpion
   554 | D:4      | Killed a scorpion
   555 | D:4      | Reached XP level 4. HP: 15/38 MP: 5/5
   555 | D:4      | Reached XP level 5. HP: 17/45 MP: 6/6
   707 | D:4      | Reached skill level 6 in Ranged Weapons
   734 | D:4      | Found a sand-covered staircase.
   741 | Ossuary  | Entered an ossuary
   741 | Ossuary  | Noticed a wraith
   741 | Ossuary  | Noticed a wraith
   741 | Ossuary  | Noticed a wraith
   789 | Ossuary  | Noticed a wraith
   796 | Ossuary  | Killed a wraith
   797 | Ossuary  | Reached skill level 7 in Ranged Weapons
   797 | Ossuary  | Reached XP level 6. HP: 28/53 MP: 7/7
   821 | Ossuary  | Reached XP level 7. HP: 43/60 MP: 8/8
  1044 | D:4      | Killed Dowan
  1050 | D:4      | Slain by Duvessa

Illustrated notes

Levels and vault maps discovered:
D:1:      dpeg_arrival_central, layout_loops_cross
D:2:      layout_basic, hellmonk_ecumenical_altar_lost_god, skrybe_limestone_x
D:3:      layout_loops_corners, serial_shops, shop, nrook_uturn
D:4:      kennysheep_six_static_rooms, layout_loops_ring,
          gammafunk_temple_overflow_claw, minmay_temple_entry_drinking_statues,
          chequers_ossuary_entry_cave, nicolae_figureground_sparkle,
          uniq_duvessa

Skill      XL: |  1  2  3  4  5 |
---------------+----------------+-----
Ranged Weapons | 5 7 |  7.4
Fighting       | 3 4 |  4.6
Dodging        | |  2.4
Stealth        | |  0.6

Action                   |  1- 3 |  4- 6 |  7- 9 || total
-------------------------+-------+-------+-------++-------
 Fire: Shortbow          |    41 |    63 |    16 ||   120
  Use: Potion            |     3 |     1 |     1 ||     5
       Scroll            |     1 |     2 |     2 ||     5
Armor: Leather armour    |     5 |    13 |       ||    18
Dodge: Dodged            |    20 |    23 |     4 ||    47
